 Dungeon Crawl Stone Soup version 0.26-a0-61-g6c07f0ee8d (webtiles) character file.

Game seed: 3803307828993920947

94 MarredHen the Cutter (level 4, -9/29 HPs)
             Began as a Kobold Monk on June 8, 2020.
             Was an Initiate of Gozag.
             Killed by divine providence
             ... invoked by an orc priest
              (13 damage)
             ... on level 3 of the Dungeon on June 9, 2020.
             The game lasted 00:05:49 (2443 turns).

MarredHen the Cutter (Kobold Monk)                  Turns: 2443, Time: 00:05:49

Health: -9/29      AC:  3    Str:  6 (9)  XL:     4   Next: 94%
Magic:  13/13      EV: 17    Int:  9 (11) God:    Gozag
Gold:   81         SH:  5    Dex: 16 (17) Spells: 3/3 levels left

rFire    . . .     SeeInvis .   a - +0 short sword
rCold    . . .     Gourm    .   (shield restricted)
rNeg     . . .     Faith    .   b - +0 robe
rPois    .         Spirit   .   g - +0 helmet
rElec    .         Reflect  +   (no cloak)
rCorr    .         Harm     .   (no gloves)
MR       +....                  (no boots)
Stlth    +++.......             i - amulet of reflection
HPRegen  0.09/turn              h - ring of protection from magic
MPRegen  0.13/turn              l - ring of magical power

@: no status effects
A: small, carnivore
a: Potion Petition, Call Merchant, Bribe Branch, Renounce Religion


You were on level 3 of the Dungeon.
You worshipped Gozag.
Gozag was noncommittal.
You were not hungry.

You visited 1 branch of the dungeon, and saw 3 of its levels.

You collected 81 gold pieces.

Inventory:

Hand Weapons
 a - a +0 short sword (weapon)
Armour
 b - a +0 robe (worn)
 g - a +0 helmet (worn)
Jewellery
 f - an uncursed amulet of faith
 h - a ring of protection from magic (left hand)
 i - an amulet of reflection (around neck)
 l - a ring of magical power (right hand)
 p - a cursed amulet of magic regeneration
Scrolls
 d - 2 scrolls of blinking {unknown}
 j - a scroll of teleportation {unknown}
 m - a scroll of magic mapping {unknown}
 q - a scroll of identify
Potions
 o - a potion of magic {unknown}
Comestibles
 c - 7 rations


   Skills:
 + Level 4.0 Fighting
 + Level 5.0 Short Blades
 + Level 4.5 Dodging
 + Level 3.8 Stealth


You had 3 spell levels left.
You didn't know any spells.
Your spell library was empty.

Dungeon Overview and Level Annotations

Branches:
Dungeon (3/15)

Altars:
Cheibriados
Gozag
Hepliaklqana
Uskayaw
Wu Jian


Innate Abilities, Weirdness & Mutations

You are small and have problems with some larger weapons.
You are carnivorous and can eat meat at any time.


Message History

It was a potion of curing.
You feel better. The orc hits you but does no damage.
You block the orc priest's attack.
You hit the orc priest.
The orc priest is moderately wounded.
The orc barely misses you. You block the orc's attack.
The orc priest invokes the aid of Beogh against you.
Beogh smites you!
Ouch! That really hurt!
* * * LOW HITPOINT WARNING * * *
As you read the scroll labeled FIEHUTR BEDO, it crumbles to dust.
The creatures around you are filled with an inner flame!
It was a scroll of immolation.
You block the orc's attack. The orc hits you.
* * * LOW HITPOINT WARNING * * *
The orc priest misses you. The orc misses you.
The orc priest begins to cast a cantrip, but forgets the words!
The orc priest invokes the aid of Beogh against you.
Beogh smites you!
You die...
Your body crumbles into a pile of gold.

#.....#.# #......#
###.###.# #....###
...# #.# #.....#
#######.## #.....#
.........# ##.....#
...<.....# #......#
########.# #......#
#.# #.#...##
####.###..@..#
..#####.#...#####o.#
.......#....# #o.#
.# #.#...# #o.# .#
#.##### #..# .#
#.####### #..#
.######............#
.#..............#.##
.#.###########)...#


You could see an orc priest (inner flame) and 2 orcs.

Vanquished Creatures
  4 adders (D:2)
  A worm (D:3)
  2 dart slugs (D:2)
  3 leopard geckos
  A ball python (D:2)
  2 giant cockroaches (D:2)
  8 hobgoblins
  2 jackals (D:1)
  A quokka (D:3)
  4 bats
  4 frilled lizards
  5 goblins
  5 kobolds
  6 rats
48 creatures vanquished.

Notes
Turn   | Place    | Note
-------+----------+-------------------------------------------
     0 | D:1      | MarredHen the Kobold Monk began the quest for the Orb.
     0 | D:1      | Reached XP level 1. HP: 14/14 MP: 1/1
   181 | D:1      | Reached XP level 2. HP: 19/19 MP: 2/2
   700 | D:2      | Reached XP level 3. HP: 23/23 MP: 3/3
   819 | D:2      | Reached XP level 4. HP: 24/29 MP: 4/4
  1421 | D:2      | Found a hide-covered altar of Uskayaw.
  1587 | D:2      | Found an ornate altar of the Wu Jian Council.
  1876 | D:3      | Found a hazy altar of Hepliaklqana.
  1982 | D:3      | Reached skill level 5 in Short Blades
  2161 | D:3      | Found a snail-covered altar of Cheibriados.
  2331 | D:3      | Found an opulent altar of Gozag.
  2368 | D:3      | Became a worshipper of Gozag Ym Sagoz the Greedy
  2443 | D:3      | Killed from afar by an orc priest

Illustrated notes

Levels and vault maps discovered:
D:1:      lightli_arrival_isolated_outpost, layout_loops_ring
D:2:      layout_basic, eat_drink_and_be_merry_uskayaw, lemuel_crystal_altar,
          first_ration
D:3:      layout_loops_ring, grunt_gozag_breadcrumbs, lemuel_crystal_altar,
          overflow_temple_1_default

Skill      XL: |  1  2  3  4 |
---------------+-------------+-----
Dodging        | 4 |  4.5
Stealth        | 3 |  3.8
Short Blades   | 5 |  5.0
Fighting       | 4 |  4.0

Action                   |  1- 3 |  4- 6 || total
-------------------------+-------+-------++-------
Melee: Short sword       |    78 |   143 ||   221
  Use: Scroll            |     3 |     2 ||     5
       Potion            |       |     2 ||     2
 Stab: Sleeping          |     8 |     2 ||    10
  Eat: Chunk             |     5 |       ||     5
Armor: Robe              |    11 |    22 ||    33
Dodge: Dodged            |    58 |   136 ||   194
Block: Other             |    11 |    40 ||    51

Table legend:
 A = Non-vault XP
 B = Vault XP
 C = Vault XP percentage of total XP
 D = Non-vault monster count
 E = Vault monster count
 F = Vault count percentage of total count
                 A         B        C        D         E       F
            +---------+---------+-------+---------+---------+-------
      Total |     135 |       0 |   0.0 |      48 |       0 |   0.0
            +---------+---------+-------+---------+---------+-------
        D:1 |      21 |       0 |   0.0 |      13 |       0 |   0.0
        D:2 |      91 |       0 |   0.0 |      23 |       0 |   0.0
        D:3 |      23 |       0 |   0.0 |      12 |       0 |   0.0
            +---------+---------+-------+---------+---------+-------
